 Dungeon Crawl Stone Soup version 0.29.1-4-g47bece8355 (webtiles) character file.

Game seed: 4341655090423492603

2368 SphereBall the Fighter (level 9, -11/70 (74) HPs)
             Began as a Formicid Fighter on Dec 11, 2022.
             Mangled by a gnoll sergeant
             ... wielding a +7 spear of venom
              (15 damage)
             ... on level 6 of the Dungeon.
             The game lasted 00:10:18 (9417 turns).

SphereBall the Fighter (Formicid Fighter)           Turns: 9417, Time: 00:10:19

HP:   -11/70 (74)   AC: 13    Str: 24    XL:     9   Next: 72%
MP:   9/9           EV: 12    Int:  9    God:
Gold: 348           SH:  5    Dex: 13    Spells: 8/8 levels left

rFire   . . .      SeeInvis +   w - +1 flail (pain)
rCold   . . .      Faith    .   c - +0 buckler
rNeg    . . .      Spirit   .   s - +0 chain mail
rPois   .          Reflect  .   (helmet unavailable)
rElec   .          Harm     .   (no cloak)
rCorr   .          Rampage  .   i - +0 pair of gloves
Will    .....                   x - +0 pair of boots
Stlth   ..........              (no amulet)
HPRegen 0.21/turn               p - +4 ring of evasion
MPRegen 0.11/turn               (no ring)

@: brilliant, lethally poisoned (-11 -> -45), flying, drained
A: permanent stasis, dig shafts and tunnels, antennae 3, four strong arms
a: Dig, Shaft Self


You were on level 6 of the Dungeon.
You visited 1 branch of the dungeon, and saw 6 of its levels.

You collected 404 gold pieces.
You spent 56 gold pieces at shops.

Inventory:

Hand Weapons
 d - a +0 giant spiked club
 v - a +0 morningstar
 w - a +1 flail of pain (weapon)
Armour
 c - a +0 buckler (worn)
 i - a +0 pair of gloves (worn)
 s - a +0 chain mail (worn)
 x - a +0 pair of boots (worn)
Jewellery
 p - a +4 ring of evasion (left hand)
Scrolls
 a - 3 scrolls of identify
 e - a scroll of butterflies
 f - 2 scrolls of magic mapping {unknown}
 q - a scroll of teleportation {unknown}
 u - a scroll of poison
Potions
 j - a potion of mutation {unknown}
 k - a potion of haste {unknown}
 l - 4 potions of curing {unknown}
 m - a potion of degeneration {unknown}
 n - 3 potions of invisibility {unknown}
 r - 2 potions of heal wounds {unknown}
 t - a potion of cancellation {unknown}
 z - a potion of resistance {unknown}


   Skills:
 * Level 8.1 Fighting
 * Level 6.9 Maces & Flails
 * Level 8.0 Armour
 - Level 4.0 Shields
 + Level 4.6 Evocations


You had 8 spell levels left.
You didn't know any spells.
Your spell library contained the following spells:

 Spells                   Type           Power      Damage    Failure   Level
 Apportation              Tloc           0%         N/A       96%         1
 Necrotise                Necr           0%         1d4       96%         1
 Summon Small Mammal      Summ           0%         N/A       96%         1
 Static Discharge         Conj/Air       0%         3-3/arc   99%         2
 Call Canine Familiar     Summ           0%         N/A       100%        3
 Summon Guardian Golem    Hex/Summ       0%         N/A       100%        3
 Vampiric Draining        Necr           0%         2d6       100%        3
 Dispel Undead            Necr           0%         3d6       100%        4
 Sticky Flame             Conj/Fire      0%         2d3       100%        4
 Agony                    Necr           0%         N/A       100%        5


Dungeon Overview and Level Annotations

Branches:
Dungeon (6/15)
 Temple: D:4-7

Altars:
Ashenzari
Hepliaklqana
Uskayaw
Xom
Zin

Shops:
D:1 (   D:4 (   D:6 [

Annotations:
D:6 1 runed translucent door, Crazy Yiuf


Innate Abilities, Weirdness & Mutations

You cannot be hasted, slowed, berserked, paralysed or teleported.
You can dig through walls and to a lower floor.
You have a pair of large antennae on your head. (SInv)
Your four strong arms can wield two-handed weapons with a shield.


Message History

Unknown command.
You hit the gnoll sergeant but do no damage.
You feel sick. The gnoll sergeant closely misses you.
You barely miss the gnoll sergeant.
You feel sick.
The gnoll sergeant hits you with a +7 spear of venom!
You are more poisoned.
Unknown command.
The gnoll sergeant blocks your attack.
You feel very sick. You block the gnoll sergeant's attack.
Unknown command.
You barely miss the gnoll sergeant.
You feel very sick.
The gnoll sergeant hits you with a +7 spear of venom.
You are more poisoned.
Unknown command.
You hit the gnoll sergeant.
The gnoll sergeant is moderately wounded.
You feel extremely sick.
The gnoll sergeant hits you with a +7 spear of venom!
You are lethally poisoned!
The gnoll sergeant hits you but does no damage.
You are more poisoned.
You are too injured to fight recklessly!
Unknown command.
You are too injured to fight recklessly!
It was a potion of brilliance.
You feel clever all of a sudden.
* * * LOW HITPOINT WARNING * * *
You feel extremely sick.
The gnoll sergeant hits you with a +7 spear of venom.
* * * LOW HITPOINT WARNING * * *
You are more poisoned.
It was a potion of flight.
You feel very buoyant.
You fly up into the air.
* * * LOW HITPOINT WARNING * * *
You feel extremely sick.
The gnoll sergeant hits you with a +7 spear of venom!
You die...

##.....#.#.# ### #.. ######.#.#.#
#.## #.. #........#.###########)#
#.. #.########............## #..
......##.############.# #..
#.##.##.#.##.#### ###.#########..
#.##.#.##.#.#...###).............
#....#.###.###.g##.)#.###########
######.#####.###@...#.# #.... #
#.###.#.#.#####>#.# #.###
######.##.....## #.#.# #.# #
...)#÷##....#..# #.#.#######.# #
###.#.##..#..#.# #.#.#....##.# #
#.#.##.#..#..# #.#.###....## #
#.##.#....#..# ..#.# #.<..#
#.#.##....#..# ###.# #....#
#.##.#...###†# {..# #....# ##


You could see a gnoll sergeant.

Vanquished Creatures
  Pikel (D:6)
  Maggie (D:6)
  Menkaure (D:5)
  Edmund (D:4)
  An ice beast (D:6)
  An orc warrior (D:6)
  2 ogres
  4 lemures (D:6)
  A necrophage (D:6)
  5 wights (D:6)
  3 jellies
  2 orc priests
  2 hounds (D:6)
  An iguana (D:6)
  An orc wizard (D:3)
  2 hell rats (D:6)
  5 gnolls (D:6)
  9 adders
  17 river rats (D:6)
  A shadow imp (D:6)
  A white imp (D:5)
  An ufetubus (D:5)
  13 orcs
  5 bats
  7 endoplasms
  A giant cockroach (D:4)
  14 goblins
  6 hobgoblins
  9 jackals
  8 kobolds
  A quokka (D:3)
  6 ball pythons
  5 frilled lizards
  2 rats (D:3)
140 creatures vanquished.

Notes
Turn   | Place    | Note
-------+----------+-------------------------------------------
     0 | D:1      | SphereBall the Formicid Fighter began the quest for the
                  | Orb.
     0 | D:1      | Reached XP level 1. HP: 18/18 MP: 1/1
   368 | D:1      | Reached XP level 2. HP: 24/24 MP: 2/2
   758 | D:1      | Reached XP level 3. HP: 30/30 MP: 3/3
   793 | D:1      | Found Gyuschonn's Antique Weapon Boutique.
  1439 | D:2      | Reached XP level 4. HP: 37/37 MP: 4/4
  2421 | D:3      | Found a faded altar of an unknown god.
  2581 | D:3      | Reached XP level 5. HP: 35/43 MP: 5/5
  2904 | D:3      | Reached skill level 1 in Evocations
  2975 | D:3      | Found a hide-covered altar of Uskayaw.
  2989 | D:3      | Found a broken altar of Ashenzari.
  2992 | D:3      | Found a glowing silver altar of Zin.
  3262 | D:4      | Found a shimmering altar of Xom.
  3410 | D:4      | Found Wourijok's Weapon Emporium.
  3481 | D:4      | Bought a +0 morningstar for 56 gold pieces
  3551 | D:4      | Noticed Edmund
  3559 | D:4      | Killed Edmund
  3560 | D:4      | Reached skill level 5 in Fighting
  3560 | D:4      | Reached XP level 6. HP: 22/51 MP: 6/6
  3809 | D:4      | Reached skill level 5 in Armour
  3954 | D:4      | Identified the +1 leather armour of the Sea {Harm SInv}
  4128 | D:4      | Noticed an ogre
  4136 | D:4      | Killed an ogre
  4137 | D:4      | Reached XP level 7. HP: 29/56 MP: 7/7
  4654 | D:5      | Entered Level 5 of the Dungeon
  4654 | D:5      | Noticed Menkaure
  4660 | D:5      | Killed Menkaure
  4876 | D:5      | Found a hazy altar of Hepliaklqana.
  5645 | D:5      | Reached XP level 8. HP: 20/64 MP: 8/8
  6543 | D:6      | Reached skill level 5 in Maces & Flails
  6750 | D:6      | Found the +2 ratskin cloak {*Rats rPois rN+ Str-1 Int-1
                  | Dex+1}
  6903 | D:6      | Noticed Maggie
  6917 | D:6      | Killed Maggie
  7691 | D:6      | Noticed Pikel
  7707 | D:6      | Killed Pikel
  7708 | D:6      | Reached XP level 9. HP: 30/72 MP: 9/9
  8954 | D:6      | Found a runed translucent door.
  8955 | D:6      | Noticed Crazy Yiuf
  9151 | D:6      | Found Vesuek Acaf's Antique Armour Boutique.
  9417 | D:6      | Mangled by a gnoll sergeant

Illustrated notes

Levels and vault maps discovered:
D:1:      dpeg_arrival_radiant, layout_basic, serial_shops, shop
D:2:      layout_rooms, guppyfry_early_orc_mine
D:3:      layout_loops_ring, minmay_overflow_temple_star_quad,
          basic_ecumenical_altar
D:4:      layout_loops_corners, amcnicky_altar_gilded, serial_shops,
          nicolae_shop_statue_plus, patterned_corridor, uniq_edmund
D:5:      layout_layer_cave, mainiacjoe_overflow_catwalk, uniq_menkaure
D:6:      wander_guarded_unrand_ratskin, layout_basic, serial_shops, shop,
          uniq_crazy_yiuf_cottage, uniq_maggie, uniq_pikel

Skill      XL: |  1  2  3  4  5  6  7  8  9 |
---------------+----------------------------+-----
Fighting       | 4 5 7 8 |  8.1
Armour         | 4 5 7 8 |  8.0
Maces & Flails | 3 4 6 |  6.9
Evocations     | 1 2 4 |  4.6
Shields        | |  4.0

Action                   |  1- 3 |  4- 6 |  7- 9 || total
-------------------------+-------+-------+-------++-------
Melee: Flail             |    23 |    34 |   267 ||   324
       Whip              |    67 |   121 |       ||   188
 Abil: Dig               |       |     1 |     3 ||     4
Evoke: Wand              |       |       |    14 ||    14
  Use: Scroll            |       |     5 |     1 ||     6
       Potion            |       |     1 |     3 ||     4
Armor: Scale mail        |    54 |    13 |       ||    67
       Chain mail        |       |    43 |    76 ||   119
Dodge: Dodged            |    51 |    82 |   115 ||   248
Block: Buckler           |    27 |    43 |    57 ||   127
